 Dungeon Crawl Stone Soup version 0.30-a0-149-g7f746667c4 (webtiles) character file.

Game seed: 11716450841533547638

53 purpskrrrp the Shield-Bearer (level 4, -1/37 HPs)
             Began as a Formicid Fighter on Sept 26, 2022.
             Slain by a gnoll
             ... wielding a +0 spear
              (5 damage)
             ... on level 2 of the Dungeon.
             The game lasted 00:01:50 (1448 turns).

purpskrrrp the Shield-Bearer (Formicid Fighter)     Turns: 1448, Time: 00:01:50

Health: -1/37      AC:  7    Str: 22    XL:     4   Next: 11%
Magic:  13/13      EV:  9    Int:  8    God:
Gold:   89         SH:  6    Dex: 13    Spells: 3/3 levels left

rFire   . . .      SeeInvis +    a - +0 war axe
rCold   . . .      Faith    .    c - +1 buckler
rNeg    . . .      Spirit   .    b - +0 scale mail
rPois   .          Reflect  .    (helmet unavailable)
rElec   .          Harm     .    (no cloak)
rCorr   .          Rampage  .    (no gloves)
Will    .....                    (no boots)
Stlth   ..........               (no amulet)
HPRegen 0.12/turn                h - ring of flight
MPRegen 0.13/turn                g - ring of magical power

@: mighty, flying
A: permanent stasis, dig shafts and tunnels, antennae 3, four strong arms
a: Dig, Shaft Self


You were on level 2 of the Dungeon.
You visited 1 branch of the dungeon, and saw 2 of its levels.

You collected 89 gold pieces.

Inventory:

Hand Weapons
 a - a +0 war axe (weapon)
Armour
 b - a +0 scale mail (worn)
 c - a +1 buckler (worn)
Jewellery
 f - a +6 ring of intelligence
 g - a ring of magical power (right hand)
 h - a ring of flight (left hand)
Scrolls
 j - a scroll of identify {unknown}
 k - a scroll of poison {unknown}
Potions
 e - a potion of haste {unknown}
 i - a potion of curing {unknown}


   Skills:
 + Level 3.8 Fighting
 + Level 2.6 Axes
 + Level 3.8 Armour
 + Level 4.6 Shields


You had 3 spell levels left.
You didn't know any spells.
Your spell library contained the following spells:

 Spells                   Type           Power      Damage    Failure   Level
 Sting                    Tmut/Pois      0%         1d3       80%         1


Dungeon Overview and Level Annotations

Branches:
Dungeon (2/15)

Altars:


Innate Abilities, Weirdness & Mutations

You cannot be hasted, slowed, berserked, paralysed or teleported.
You can dig through walls and to a lower floor.
You have a pair of large antennae on your head. (SInv)
Your four strong arms can wield two-handed weapons with a shield.


Message History

The gnoll hits you but does no damage. You block the gnoll's attack.
You slash the gnoll!
You kill the gnoll!
You block the gnoll's attack.
You have reached level 4!
You feel clever. You block the gnoll's attack.
The gnoll hits you from afar with a +0 spear!
Things that are here:
a +0 club; a +0 flail You are too injured to fight recklessly!
You are too injured to fight recklessly!
You are too injured to fight recklessly!
You are too injured to fight recklessly!
You are too injured to fight recklessly!
You are too injured to fight recklessly!
You are too injured to fight recklessly!
You are too injured to fight recklessly!
You are too injured to fight recklessly!
You are too injured to fight recklessly!
You are too injured to fight recklessly!
You are too injured to fight recklessly!
You are too injured to fight recklessly!
You are too injured to fight recklessly!
You are too injured to fight recklessly!
You are too injured to fight recklessly!
You are too injured to fight recklessly!
You hit the gnoll but do no damage. The gnoll hits you with a +0 spear.
* * * LOW HITPOINT WARNING * * *
The gnoll hits you from afar with a +0 spear.
* * * LOW HITPOINT WARNING * * *
You block the gnoll's attack. The gnoll hits you but does no damage.
You feel very mighty all of a sudden. The gnoll hits you with a +0 spear.
* * * LOW HITPOINT WARNING * * *
You block the gnoll's attack.
You slice the gnoll!!
You kill the gnoll!
The gnoll hits you from afar with a +0 spear.
You die...

#.......## #.......#
#.......# #.......#
#......)# #.......## #
#........## #.###
####......#####......
.............@)g....#
#.###......#####.....#
#.#...## #.#.# #.....#
# #####.# #.# #.#


You could see a gnoll.

Vanquished Creatures
  3 gnolls (D:2)
  5 endoplasms
  3 giant cockroaches (D:1)
  2 goblins (D:1)
  3 hobgoblins (D:1)
  2 jackals (D:2)
  3 ball pythons
  5 bats
  A frilled lizard (D:1)
  5 kobolds (D:1)
  A rat (D:1)
33 creatures vanquished.

Vanquished Creatures (others)
  A plant (D:1)
1 creature vanquished.

Grand Total: 34 creatures vanquished

Notes
Turn   | Place    | Note
-------+----------+-------------------------------------------
     0 | D:1      | purpskrrrp the Formicid Fighter began the quest for the
                  | Orb.
     0 | D:1      | Reached XP level 1. HP: 18/18 MP: 1/1
   279 | D:1      | Found a faded altar of an unknown god.
   282 | D:1      | Reached XP level 2. HP: 24/24 MP: 2/2
   331 | D:1      | Got Plato's Encyclopedia of Variation
   632 | D:1      | Reached XP level 3. HP: 29/29 MP: 3/3
  1445 | D:2      | Reached XP level 4. HP: 21/37 MP: 4/4
  1448 | D:2      | Slain by a gnoll

Illustrated notes

Levels and vault maps discovered:
D:1:      scummos_arrival_simple_crosswalls, layout_loops_corners,
          shapermc_ecumenical_altar_rom_forum, st_stairs_1
D:2:      layout_loops_corners

Action                   |  1- 3 |  4- 6 || total
-------------------------+-------+-------++-------
Melee: War axe           |    69 |     2 ||    71
  Use: Scroll            |     2 |       ||     2
       Potion            |       |     1 ||     1
Armor: Scale mail        |    34 |     1 ||    35
Dodge: Dodged            |    28 |       ||    28
Block: Buckler           |    27 |     3 ||    30

Table legend: (Time is in decaauts)
 A = Elapsed time spent in this place.
 B = Non-inter-level travel time spent in this place.
 C = Inter-level travel time spent in this place.
 D = Time resting spent in this place.
 E = Time spent auto-exploring this place.
 F = Levels seen in this place.
 G = Mean time per level.
                   A        B        C        D        E       F      G
               +--------+--------+--------+--------+--------+-----+--------+
         Total |   1476 |   1461 |     15 |     69 |   1168 |   2 |  738.0 |
       Dungeon |   1476 |   1461 |     15 |     69 |   1168 |   2 |  738.0 |
               +--------+--------+--------+--------+--------+-----+--------+

Top non-repeatable levels by time:
     D:1: 1036 daAuts
     D:2: 440 daAuts
